[Event "*** Titled Tuesday Blitz"]
[Site "Chess.com"]
[Date "2020.11.10"]
[Round "8"]
[White "Vsevolod_Ovchinnikov"]
[Black "vladimirssvesnikovs"]
[Result "1/2-1/2"]
[WhiteElo "2528"]
[BlackElo "2332"]
[TimeControl "180+1"]
[EndTime "11:34:16 PST"]
[Termination "Game drawn by repetition"]

1. d4 d5 2. c4 e6 3. Nf3 Nf6 4. g3 dxc4 5. Bg2 c5 6. O-O Nc6 7. Qa4 Bd7 8. Qxc4 b5 9. Qd3 c4 10. Qd1 Rc8 11. Re1 Be7 12. e4 O-O 13. a3 Re8 14. Nc3 Na5 15. Be3 Nb3 16. Rb1 a5 17. Ne5 b4 18. axb4 axb4 19. Nxc4 Nxd4 20. Qxd4 bxc3 21.
bxc3 Bc5 22. Qd2 Bxe3 23. Nxe3 Bc6 24. Qc2 Qc7 25. Red1 h6 26. Rd4 e5 27. Rc4 Qa5 28.
Qb2 Bd7 29. Qb4 Qxb4 30. cxb4 Bb5 31. Rxc8 Rxc8 32. f3 Rc3 33. Kf2 Nd7 34. Rb2 Nb6 35. Bf1 Bxf1 36. Nxf1 Nc4 37. Ra2 Rb3 38. Nd2 Nxd2 39.
Rxd2 Rxb4 40. h4 h5 41. Rd8+ Kh7 42. Rd2 f6 43. Kg2 Rb3 44. Kf2 Kg6 45. Ke2 Ra3 46. Kf2 Kf7 47. Rd7+ Kg6 48. Rd2 Rc3 49. Ke2 Kf7 50.
Rd7+ Kf8 51. Rd2 Ke7 52. Kf2 Ke6 53. Ke2 Rb3 54. Kf2 Rb6 55. Ke2 Rd6 56. Rc2 Ra6 57.
Rd2 Kf7 58. Rd7+ Kg6 59. Rd2 Ra3 60. Kf2 1/2-1/2

[Event "*** Titled Tuesday Blitz"]
[Site "Chess.com"]
[Date "2020.11.10"]
[Round "8"]
[White "szachuspl"]
[Black "dpopadic"]
[Result "1-0"]
[WhiteElo "2524"]
[BlackElo "2346"]
[TimeControl "180+1"]
[EndTime "11:34:16 PST"]
[Termination "szachuspl won on time"]

1. d4 Nf6 2. c4 g6 3. Nc3 Bg7 4. e4 d6 5. Nf3 O-O 6. Be2 e5 7. Be3 Na6 8. d5 Ng4 9. Bg5 Qe8 10. h3 f6 11. Bh4 Nh6 12. g4 Nf7 13. Rg1 Bd7 14.
Nd2 Qe7 15. Qc2 c6 16. a3 Rac8 17. dxc6 bxc6 18. b4 Nc7 19. O-O-O Ne6 20. Nb3 Neg5 21. Qd3 Nxh3 22. Qxh3 Be6 23. Qd3 Rfd8 24. f3 d5 25. Nc5 dxc4 26. Qc2 Rd4 27. Bf2 Rcd8 28. N3a4 Bc8 29.
Bxd4 exd4 30. Bxc4 Kh8 31. f4 Bh6 32. g5 fxg5 33. Bxf7 Qxf7 34. fxg5 Bg7 35. Rgf1 Qe7 36. Nb2 Qxg5+ 37. Kb1 a5 38. Nbd3 axb4 39. axb4 Bg4 40. Rg1 h5 41. Rdf1 Ra8 42. Ne6 Qe7 43. Nxg7 Kxg7 44.
e5 Qe6 45. Rf6 Qd5 46. Rxg6+ Kh7 47. Nf4 d3 48. Nxd3 Bf5 49. R6g3 Rd8 50. Rd1 h4 51. Re3 Qd4 52. Rf3 Bg6 53. Qb2 Qc4 54. e6 Qe4 55.
Rh3 Qg4 56. Re3 Qxd1+ 57. Qc1 Bxd3+ 58. Kb2 Qxc1+ 59. Kxc1 Bc4 60. e7 Re8 61. Re4 1-0

[Event "*** Titled Tuesday Blitz"]
[Site "Chess.com"]
[Date "2020.11.10"]
[Round "8"]
[White "scarabee43"]
[Black "Sven_Tica"]
[Result "1-0"]
[WhiteElo "2576"]
[BlackElo "2687"]
[TimeControl "180+1"]
[EndTime "11:34:18 PST"]
[Termination "scarabee43 won on time"]

1. Nf3 d5 2. e3 Nf6 3. c4 e6 4. b3 a6 5. Bb2 b6 6. Nc3 Bb7 7. Rc1 Nbd7 8. cxd5 exd5 9. d4 Bd6 10.
g3 O-O 11. Bg2 Re8 12. O-O Qe7 13. Ne2 Rac8 14. Nf4 Ne4 15. Nd3 f6 16. Nh4 g6 17.
Qg4 Qg7 18. Rfe1 a5 19. Bh3 f5 20. Qd1 Ba6 21. Nf3 Bxd3 22. Qxd3 Qh6 23. Bg2 g5 24. Qb5 Ndf6 25. Ne5 Nxf2 26. Kxf2 Qxh2 27. Kf1 Qxg3 28. Bxd5+ Kg7 29. Re2 Re7 30. Rce1 g4 31. Bb7 Rf8 32.
Rg2 Qh3 33. Kg1 h5 34. Qd3 c5 35. Qxf5 Bxe5 36. dxe5 Nh7 37. e6+ Kh6 38. Qd5 Ng5 39.
Rf1 Qxe3+ 40. Rff2 Qe1+ 41. Kh2 Rxf2 42. Qd8 Rxg2+ 43.
Bxg2 Qh4+ 44. Kg1 Nf3+ 45. Bxf3 gxf3 46. Qh8+ Kg6 47. Qg8+ Kf5 48. Qf8+ Kxe6 49. Qg8+ Rf7 50. Qg6+ 1-0

[Event "*** Titled Tuesday Blitz"]
[Site "Chess.com"]
[Date "2020.11.10"]
[Round "8"]
[White "GMJustin"]
[Black "Chamal_Gedgafov"]
[Result "1/2-1/2"]
[WhiteElo "2313"]
[BlackElo "2154"]
[TimeControl "180+1"]
[EndTime "11:34:18 PST"]
[Termination "Game drawn - insufficient material"]

1. e4 e6 2. d4 d5 3. Nc3 Bb4 4. Qg4 Nf6 5. Qxg7 Rg8 6. Qh6 dxe4 7. Ne2 Nbd7 8. Bg5 b6 9. O-O-O Bb7 10. d5 e5 11. Nxe4 Be7 12. Nxf6+ Bxf6 13. Bxf6 Qxf6 14.
Qxf6 Nxf6 15. Nc3 O-O-O 16. g3 Nxd5 17. Bh3+ Kb8 18. Nxd5 Bxd5 19. Rhe1 Bf3 20. Rxd8+ Rxd8 21. Bf5 h6 22. c3 f6 23. Be4 Bg4 24. f3 Be6 25.
Kc2 c5 26. b3 Kc7 27. f4 exf4 28. gxf4 b5 29. Bd3 c4 30. Rxe6 Rxd3 31. Rxf6 Rh3 32.
bxc4 bxc4 33. Kd2 Rxh2+ 34. Ke3 Rxa2 35. Rxh6 Ra1 36. Kd4 Rf1 37. Rf6 Kd7 38. Kxc4 Ke7 39. Rf5 Ke6 40. Re5+ Kd6 41. Re4 Rf2 42. Rd4+ Kc6 43.
Kd3 a5 44. Ke4 Kb5 45. f5 a4 46. Rd5+ Kc4 47. Ra5 Kb3 48. Ke5 a3 49. f6 a2 50.
Ke6 Kxc3 51. f7 Kb3 52. Ke7 Kb2 53. f8=Q Rxf8 54. Kxf8 a1=Q 55. Rxa1 Kxa1 1/2-1/2

[Event "*** Titled Tuesday Blitz"]
[Site "Chess.com"]
[Date "2020.11.10"]
[Round "8"]
[White "Tenamu"]
[Black "m_ezat"]
[Result "1-0"]
[WhiteElo "2325"]
[BlackElo "2459"]
[TimeControl "180+1"]
[EndTime "11:34:20 PST"]
[Termination "Tenamu won by checkmate"]

1. d4 Nf6 2. Nc3 d5 3. Bf4 c5 4. e3 a6 5. dxc5 Nc6 6. a3 e5 7. Bg5 d4 8. Ne4 Bf5 9. Ng3 Bg6 10. b4 Be7 11. Nf3 O-O 12. Bc4 h6 13. Bxf6 Bxf6 14. e4 a5 15. b5 Nb8 16. Bd5 Qc7 17. b6 Qc8 18. c3 dxc3 19. Rc1 Nd7 20. Rxc3 Nxb6 21. Qb3 Nxd5 22. exd5 e4 23. Nd2 Bxc3 24.
Qxc3 Re8 25. O-O h5 26. Ne2 Qg4 27. Nd4 Qg5 28. d6 e3 29. N2f3 exf2+ 30. Kh1 Qf4 31. Qb2 b6 32. Qxb6 Re1 33. Nxe1 fxe1=Q 34. Rxe1 Qxd4 35. Qc7 Qd2 36. Rg1 Bf5 37. c6 Rc8 38. Qe7 h4 39. d7 Rf8 40. Qxh4 Qd6 41. Qa4 Ra8 42. Rc1 Qe7 43. Qd4 a4 44. Qd5 Be4 45.
Qc5 Qe6 46. c7 Qg4 47. c8=Q+ Kh7 48. Qf2 Rxc8 49. dxc8=Q Bxg2+ 50. Qxg2 Qxc8 51. Rxc8 g6 52. Qg5 Kg7 53. Rc7 Kh7 54. Qf6 Kh6 55. Rc4 Kh5 56.
Rh4# 1-0

[Event "*** Titled Tuesday Blitz"]
[Site "Chess.com"]
[Date "2020.11.10"]
[Round "8"]
[White "suyu28"]
[Black "nakajo"]
[Result "1-0"]
[WhiteElo "2636"]
[BlackElo "2463"]
[TimeControl "180+1"]
[EndTime "11:34:21 PST"]
[Termination "suyu28 won on time"]

1. e4 e5 2. Nf3 Nf6 3. Nxe5 d6 4. Nf3 Nxe4 5. Nc3 Nxc3 6. dxc3 Be7 7. Be3 O-O 8. Qd2 Nd7 9. O-O-O Nf6 10. h3 c5 11.
Bg5 Be6 12. Bxf6 Bxf6 13. Kb1 Qa5 14. c4 Qxd2 15. Rxd2 Rad8 16. Be2 d5 17. cxd5 Rxd5 18. Rhd1 Rfd8 19. Rxd5 Rxd5 20. Re1 Rd6 21. Bd3 g6 22. Ne5 a6 23. a4 b5 24. axb5 axb5 25. f4 c4 26. Be2 Rd4 27. Bg4 Rxf4 28. Bxe6 fxe6 29. Nd7 Kf7 30. Nc5 Rf2 31. Ne4 Rf4 32. Nd6+ Ke7 33. Nxb5 Rf2 34. g4 e5 35. Nc3 Rf3 36. Re4 Rxh3 37. Rxc4 Rh4 38. Rc7+ Kd6 39. Rf7 Ke6 40. Rc7 Rxg4 41. Rxh7 e4 42. Rh3 Kf5 43. b4 Rg1+ 44. Ka2 Kg4 45. Re3 Bxc3 46. Rxc3 Rg3 47. Rc4 Kf3 48. b5 Rg5 49. Rb4 e3 50. b6 e2 51. b7 1-0

[Event "*** Titled Tuesday Blitz"]
[Site "Chess.com"]
[Date "2020.11.10"]
[Round "8"]
[White "Semetey"]
[Black "VMikhalevski"]
[Result "0-1"]
[WhiteElo "2575"]
[BlackElo "2729"]
[TimeControl "180+1"]
[EndTime "11:34:22 PST"]
[Termination "VMikhalevski won by checkmate"]

1. e4 e5 2. Nc3 Nf6 3. Bc4 Bb4 4. Nge2 d6 5. h3 O-O 6. O-O Be6 7. d3 h6 8. Be3 c6 9. Bxe6 fxe6 10. f4 Nbd7 11. Qe1 Qe7 12. Qg3 Nh5 13. Qg4 Ndf6 14. Qh4 exf4 15.
Bxf4 g5 16. Bxg5 hxg5 17. Qxg5+ Qg7 18. Qh4 Qg6 19. g4 Bc5+ 20. d4 Bb6 21. Kh1 Ng7 22. Nf4 Qh7 23. Qxh7+ Nxh7 24. Nce2 Ng5 25. e5 dxe5 26. dxe5 Rad8 27. Rad1 Ne4 28. Kg2 Nd2 29.
Rfe1 Nc4 30. Rxd8 Bxd8 31. b3 Nxe5 32. Ng3 Rxf4 33. Rxe5 Bc7 34. Re2 a5 35. Ne4 e5 36.
Nc5 b6 37. Nd3 Rf8 38. h4 Ne6 39. h5 Nd4 40. Rd2 e4 41. Nf2 e3 42. Rxd4 Rxf2+ 43. Kg1 Bh2+ 44. Kh1 e2 45. Re4 Bd6 46. Kg1 Rf1+ 47.
Kg2 e1=Q 48. Rxe1 Rxe1 49. Kf3 Rc1 50. c4 Ra1 51. a4 Rb1 52. g5 Rxb3+ 53. Ke4 Rb4 54. Kf5 Rxc4 55. g6 Bf8 56. h6 Bxh6 57.
g7 Bxg7 58. Ke6 Rxa4 59. Kd6 Rc4 60. Kc7 b5 61. Kb6 a4 62. Ka5 a3 63. Kb6 a2 64.
Kc7 a1=Q 65. Kc8 Qa7 66. Kd8 Rf4 67. Ke8 Rf8# 0-1

[Event "*** Titled Tuesday Blitz"]
[Site "Chess.com"]
[Date "2020.11.10"]
[Round "8"]
[White "ajdemipopushi"]
[Black "Obito24"]
[Result "0-1"]
[WhiteElo "2409"]
[BlackElo "2581"]
[TimeControl "180+1"]
[EndTime "11:34:23 PST"]
[Termination "Obito24 won on time"]

1. Nf3 Nf6 2. g3 g6 3. c4 Bg7 4.
Bg2 O-O 5. O-O d6 6. d4 Nc6 7. Nc3 a6 8. h3 e5 9. d5 Ne7 10. c5 Ne8 11. cxd6 cxd6 12. e4 h6 13. Qb3 f5 14.
Be3 b5 15. a4 Rb8 16. axb5 axb5 17. Ra7 b4 18. Ne2 fxe4 19. Nd2 Nf5 20. Nxe4 Nxe3 21. Qxe3 Nc7 22. Rc1 Nxd5 23. Qb3 Be6 24. Ng5 Qxg5 25. Bxd5 Bxd5 26. Qxd5+ Kh8 27. Rcc7 Qf6 28. f3 Rg8 29.
Rf7 Qg5 30. Kf2 Rbf8 31. Qxd6 e4 32. f4 e3+ 33. Kxe3 Re8+ 34. Kf2 Qh5 35. Ng1 Qb5 36. Rae7 Rd8 37. Qxg6 Rd2+ 38. Kf3 Qd5+ 39. Qe4 Rd3+ 40.
Kg2 Rd2+ 41. Kh1 Qxe4+ 42. Rxe4 Bxb2 43. Ree7 Bg7 44. Rb7 Rd3 45. Kg2 b3 46. Nf3 b2 47.
g4 Rd1 48. Rxg7 Rxg7 49. Rxb2 Rd3 0-1

[Event "*** Titled Tuesday Blitz"]
[Site "Chess.com"]
[Date "2020.11.10"]
[Round "8"]
[White "GukeshDommaraju"]
[Black "Bigfish1995"]
[Result "0-1"]
[WhiteElo "2867"]
[BlackElo "2983"]
[TimeControl "180+1"]
[EndTime "11:34:26 PST"]
[Termination "Bigfish1995 won by resignation"]

1. d4 Nf6 2. Nf3 g6 3. c4 Bg7 4. g3 c5 5. Bg2 Nc6 6. d5 Na5 7. Nbd2 Rb8 8. a4 d6 9. O-O O-O 10. Ra2 e6 11. e4 exd5 12. cxd5 Re8 13. Re1 Bd7 14. b3 b5 15. axb5 Rxb5 16. Bf1 Rb4 17. Ba3 Rb8 18. Bb2 Bg4 19. h3 Bxf3 20. Qxf3 Nb7 21. Rxa7 Nxd5 22. Bxg7 Kxg7 23. Bc4 Nf6 24.
e5 dxe5 25. Rxb7 Rxb7 26. Qxb7 Re7 27. Qf3 Qxd2 28. Rd1 Qc2 29. Rd6 Ne4 30. Rc6 f5 31. Bd3 Ng5 32. Qe3 Qd1+ 33. Kg2 Nxh3 34. Bf1 Qd5+ 35. Qf3 Qxf3+ 36. Kxf3 Ng5+ 37. Ke3 Ne6 38. Bc4 Kf6 39. Bd5 h5 40. Kd3 e4+ 41. Ke3 g5 42. Bxe6 Rxe6 43. Rxc5 Rb6 44. Rc3 Kg6 45. Kd4 Kf6 46.
Ke3 Rb5 47. Rc6+ Ke5 48. Rc3 f4+ 49. gxf4+ gxf4+ 50. Ke2 Kf5 51. f3 e3 52. Rd3 h4 53.
Kf1 h3 54. Rc3 Kg5 0-1

[Event "*** Titled Tuesday Blitz"]
[Site "Chess.com"]
[Date "2020.11.10"]
[Round "8"]
[White "SanchezKelvin"]
[Black "IwkooO"]
[Result "0-1"]
[WhiteElo "2451"]
[BlackElo "2627"]
[TimeControl "180+1"]
[EndTime "11:34:26 PST"]
[Termination "IwkooO won on time"]

1. d4 Nf6 2. c4 e6 3. Nf3 b6 4. g3 Bb7 5. Bg2 Bb4+ 6. Nbd2 O-O 7. O-O Bxd2 8. Bxd2 d6 9. Bc3 Nbd7 10.
Rc1 Ne4 11. Qd3 Nxc3 12. Rxc3 f5 13. b4 Qe7 14. c5 Be4 15. Qd2 Nf6 16. cxd6 cxd6 17.
Rfc1 Rad8 18. a3 Rd7 19. Bf1 Bd5 20. Qc2 Be4 21. Qa4 f4 22. Bh3 Bd5 23. Qc2 Be4 24. Qb3 Bb7 25. Qxe6+ Kh8 26. Qxe7 Rxe7 27. Rc7 Rxc7 28.
Rxc7 Ba6 29. e3 fxe3 30. fxe3 Nd5 31. Rxa7 Bd3 32. Bg2 Nxe3 33. Ne1 Bc4 34. Ra8 Rxa8 35. Bxa8 b5 36. Kf2 Nf5 37. Nf3 Kg8 38. Be4 Ne7 39.
Nd2 d5 40. Bc2 Kf7 41. Bb3 Ke6 42. Bc2 h6 43. Nf3 Nc6 44. Ke3 Kd6 45. Ne1 Ne7 46.
Nf3 Nc6 47. Bd3 Ne7 48. Ne5 Ke6 49. Be2 Nf5+ 50. Kd2 Nxd4 51. Bxc4 dxc4 52. Ng4 Nf3+ 53. Kc3 h5 54. Nf2 Nxh2 55. Nh3 Kf5 0-1

[Event "*** Titled Tuesday Blitz"]
[Site "Chess.com"]
[Date "2020.11.10"]
[Round "8"]
[White "kamilianin235"]
[Black "PetrolulSah"]
[Result "1/2-1/2"]
[WhiteElo "2192"]
[BlackElo "2235"]
[TimeControl "180+1"]
[EndTime "11:34:26 PST"]
[Termination "Game drawn by repetition"]

1. e4 e5 2. Nf3 Nc6 3. Bc4 Bc5 4. c3 Nf6 5. d3 O-O 6. Nbd2 d6 7. a4 a6 8. Nf1 Bg4 9. Ng3 Nh5 10. a5 Qf6 11. Bg5 Bxf3 12. Qxf3 Qxf3 13. gxf3 Nf4 14. Bxf4 exf4 15.
Nf5 Ne5 16. Ke2 Nxc4 17. dxc4 g6 18. Ne7+ Kg7 19. Nd5 Rac8 20. Nxf4 Rfe8 21. Nd3 f5 22. Nxc5 dxc5 23. Ke3 Re7 24. Rhe1 Rce8 25. Kf4 Kf6 26.
Rad1 g5+ 27. Kg3 fxe4 28. fxe4 Rxe4 29. Rxe4 Rxe4 30. Rd2 Ke6 31. Kf3 Rxc4 32. Rd8 Ra4 33. Rb8 Rxa5 34. Rxb7 Rb5 35. Rxc7 h6 36. Rc6+ Kf5 37.
Rxh6 Rxb2 38. Rxa6 Rb3 39. Rc6 Rxc3+ 40. Ke2 Ke4 41. Rg6 Rc2+ 42. Kf1 Kf5 43. Rc6 c4 44. Rc5+ Kf4 45. Kg2 g4 46. Rc8 c3 47. Rc6 Rc1 48. Rc7 c2 49. Rc8 Ke5 50. Rc4 Kd5 51. Rc8 Kd6 52. Rc4 Kd5 53. Rc8 Kd4 54. Rc6 Kd3 55.
Rd6+ Kc4 56. Rc6+ Kd5 57. Rc8 1/2-1/2

[Event "*** Titled Tuesday Blitz"]
[Site "Chess.com"]
[Date "2020.11.10"]
[Round "8"]
[White "youngKID"]
[Black "Chopper1905"]
[Result "1/2-1/2"]
[WhiteElo "2843"]
[BlackElo "2941"]
[TimeControl "180+1"]
[EndTime "11:34:27 PST"]
[Termination "Game drawn - insufficient material"]

1. e4 e5 2. Nf3 Nc6 3. Bb5 a6 4.
Ba4 Nf6 5. d3 b5 6. Bb3 Bc5 7. Nc3 h6 8. Nd5 d6 9. c3 Be6 10. O-O Bxd5 11. exd5 Ne7 12. d4 exd4 13. Nxd4 Qd7 14. Nc2 O-O 15. a4 Qf5 16. axb5 axb5 17. Rxa8 Rxa8 18. Qe2 Nexd5 19. Qxb5 Nxc3 20. Qc4 Ncd5 21. Ne3 Bxe3 22. fxe3 Qe6 23. e4 Nb6 24. Qxe6 fxe6 25.
Bxe6+ Kh7 26. Bf5+ Kg8 27. Be3 Re8 28. Rc1 c5 29. b4 Nxe4 30. bxc5 Nxc5 31. Bxc5 dxc5 32. Rxc5 Rd8 33. Rc6 Nd5 34. Be6+ Kf8 35. Bxd5 Rxd5 36.
Rc1 Kf7 37. Rf1+ Kg6 38. Re1 Rd2 39. Rf1 Kg5 40. h3 h5 41. Kh2 g6 42. Rf3 Kh6 43. Ra3 h4 44. Rf3 g5 45. Rb3 Kg6 46. Rb4 Kh5 47. Rb5 Rf2 48. Rb4 Rf1 49. Rb5 Kg6 50. Rb6+ Kf5 51. Rb5+ Kg6 52. Rb6+ Rf6 53. Rb5 Rf5 54.
Rxf5 Kxf5 55. g3 hxg3+ 56. Kxg3 Kf6 57. Kg4 Kg6 58. h4 gxh4 59. Kxh4 1/2-1/2

[Event "*** Titled Tuesday Blitz"]
[Site "Chess.com"]
[Date "2020.11.10"]
[Round "8"]
[White "midedu"]
[Black "LubovMarkelova"]
[Result "1-0"]
[WhiteElo "2088"]
[BlackElo "2205"]
[TimeControl "180+1"]
[EndTime "11:34:27 PST"]
[Termination "midedu won by checkmate"]

1. e4 e6 2. d3 d5 3. Nd2 c5 4. Ngf3 Nc6 5. g3 Bd6 6. Bg2 Nge7 7. O-O O-O 8. Re1 Qc7 9. Nf1 d4 10. h4 e5 11. N1h2 Be6 12. c4 dxc3 13. bxc3 f6 14. Be3 b5 15. Qd2 a5 16. d4 cxd4 17. cxd4 exd4 18. Nxd4 Nxd4 19. Bxd4 Rfd8 20. Rac1 Qd7 21. Bb6 Bxg3 22. Qxd7 Bxh2+ 23. Kxh2 Rxd7 24. e5 Nd5 25. exf6 Rb8 26. Bxa5 Bg4 27. fxg7 Kxg7 28.
Rg1 h5 29. Bxd5 Rxd5 30. f3 b4 31. Bc7 Rd2+ 32. Kh1 Re8 33. fxg4 Ree2 34. gxh5+ Kh7 35. Rc4 Rd3 36. Rg2 Rh3+ 37. Kg1 Re1+ 38. Kf2 Rhe3 39. Bf4 R1e2+ 40. Kg1 Re1+ 41. Kh2 Re6 42. Rxb4 R1e4 43. Rb7+ Re7 44. Rxe7+ Rxe7 45. Bg5 Re4 46. Rb2 Ra4 47. Kg3 Ra3+ 48. Kg4 Ra5 49. Bf4 Kg7 50. h6+ Kh7 51.
Rb7+ Kh8 52. h5 Ra4 53. Kf5 Ra5+ 54. Be5+ Kg8 55. h7+ Kf8 56. h8=Q# 1-0

[Event "*** Titled Tuesday Blitz"]
[Site "Chess.com"]
[Date "2020.11.10"]
[Round "8"]
[White "Alomaterapia"]
[Black "Grineva_Marianna"]
[Result "1-0"]
[WhiteElo "2448"]
[BlackElo "2228"]
[TimeControl "180+1"]
[EndTime "11:34:31 PST"]
[Termination "Alomaterapia won on time"]

1. e4 c5 2. c3 d5 3. exd5 Qxd5 4.
d4 Nf6 5. Nf3 Bf5 6. Be3 cxd4 7.
Nxd4 Nc6 8. Nxf5 Qxf5 9. Nd2 O-O-O 10. Qf3 Qc2 11. Ba6 Nd5 12. Bb5 Ne5 13. Qh3+ e6 14.
O-O Nxe3 15. Qxe3 Qxd2 16. Qxe5 Rd5 17. Qe2 Qxe2 18. Bxe2 Rd2 19. Bf3 Rxb2 20. Rab1 Rxb1 21. Rxb1 b6 22. Kf1 Be7 23. Ke2 Bf6 24. a4 Rd8 25. a5 Kc7 26. axb6+ axb6 27. Ra1 Rd7 28. h3 Kd6 29. Rb1 Kc5 30. c4 Rd4 31. Rb5+ Kxc4 32. Rxb6 Rd7 33. Rc6+ Kd4 34. g4 Ra7 35. Rc2 Bg5 36. Bg2 e5 37. Rb2 Bf4 38. Rb4+ Kc3 39.
Rb7 Ra2+ 40. Kf1 f6 41. Rxg7 Kd3 42. Rd7+ Kc3 43. Be4 h6 44. Kg2 Ra1 45. Rd3+ Kc4 46. Rd6 Re1 47. Kf3 Rg1 48. Rxf6 Bg5 49. Re6 Rh1 50. Kg2 Re1 51. Bf5 Kd4 52. Re8 e4 53. Re6 e3 54. fxe3+ Bxe3 55. Rd6+ Ke5 56. Ra6 Kf4 57.
Ra4+ Kg5 58. Kg3 Bf4+ 59. Rxf4 Rg1+ 60. Kf2 1-0

[Event "*** Titled Tuesday Blitz"]
[Site "Chess.com"]
[Date "2020.11.10"]
[Round "8"]
[White "ukchessbomber"]
[Black "Kaslask"]
[Result "0-1"]
[WhiteElo "2227"]
[BlackElo "2360"]
[TimeControl "180+1"]
[EndTime "11:34:33 PST"]
[Termination "Kaslask won by checkmate"]

1. d4 Nf6 2. c4 g6 3. Nc3 Bg7 4. e4 d6 5. Be2 O-O 6. Nf3 e5 7. d5 a5 8. O-O Na6 9. Ne1 Nc5 10.
f3 c6 11. Be3 cxd5 12. cxd5 b6 13. Nd3 Nfd7 14. Rb1 f5 15. a3 fxe4 16. fxe4 Nf6 17. Bf3 Ba6 18. Nxc5 bxc5 19. Be2 c4 20. Qa4 Rc8 21.
Rf2 Nd7 22. Rbf1 Rxf2 23. Rxf2 Nc5 24. Qc2 Nd3 25. Rf1 Qh4 26. Qa4 Bh6 27. Bxh6 Qxh6 28. Qd7 Qe3+ 29. Kh1 Nf2+ 30. Rxf2 Qxf2 31. h3 Rf8 32. Qxd6 Bc8 33. Qxe5 Qf4 34. Qxf4 Rxf4 35. Bxc4 Kf8 36. b4 axb4 37. axb4 Rf2 38. Ne2 Rf1+ 39. Kh2 Rb1 40. b5 Rb4 41. Bd3 Rb3 42. Bc4 Rb4 43.
Bd3 Ke7 44. e5 Bf5 45. Bxf5 gxf5 46. Nc3 Rb3 47. d6+ Ke6 48. Ne2 Kxe5 49. d7 Rd3 50. g4 f4 51. Kg2 Rxd7 52. Kf2 Rd2 53. Kf3 Rd3+ 54. Kf2 Rb3 55. h4 Rxb5 56. h5 Rb3 57.
Ng1 Ke4 58. Kg2 Rb2+ 59. Kh3 f3 60. g5 f2 61. Kg2 fxg1=Q+ 62. Kxg1 Kf5 63. g6 h6 64.
g7 Rb8 65. Kg2 Rg8 66. Kh3 Rxg7 67. Kh4 Rg5 68. Kh3 Rxh5+ 69. Kg3 Rg5+ 70. Kh3 Kg6 71. Kh4 h5 72. Kh3 Rg4 73. Kh2 Kf5 74. Kh3 Kg5 75. Kh2 Kh4 76. Kh1 Rc4 77. Kh2 Rc2+ 78. Kh1 Kg3 79. Kg1 Rc1# 0-1

[Event "*** Titled Tuesday Blitz"]
[Site "Chess.com"]
[Date "2020.11.10"]
[Round "8"]
[White "ljuks68"]
[Black "Iskusnyh"]
[Result "0-1"]
[WhiteElo "2380"]
[BlackElo "2562"]
[TimeControl "180+1"]
[EndTime "11:34:40 PST"]
[Termination "Iskusnyh won on time"]

1. e4 e6 2. d4 d5 3. Nc3 Nf6 4. Bg5 dxe4 5. Nxe4 Nbd7 6. Nf3 h6 7. Nxf6+ Nxf6 8.
Be3 Bd6 9. Bd3 b6 10. Qd2 Bb7 11. c4 Ne4 12. Qc2 Ng5 13. Nxg5 hxg5 14. O-O-O Qf6 15. Qa4+ Kf8 16. c5 bxc5 17. dxc5 Be5 18. c6 Bc8 19. Qb4+ Kg8 20. Rd2 a5 21. Qg4 Rb8 22. b3 Bf4 23. Kc2 e5 24. Qf3 g4 25. Qe2 Qxc6+ 26. Kb1 Be6 27. Bxf4 exf4 28. Rhd1 g5 29. Qe5 Rh5 30. Be4 Qe8 31. Qxc7 Bxb3 32. axb3 Qxe4+ 33. Ka2 Rf8 34.
Rd8 Rxd8 35. Rxd8+ Kg7 36. Qc3+ f6 37. Qc7+ Kg6 38.
Rg8+ Kf5 39. Qc8+ Qe6 40. Qc2+ Qe4 41. Qc8+ Qe6 42. Qc2+ Ke5 43. Rc8 Rxh2 44. Rc5+ Kd6 45. Rc6+ Ke7 46. Rxe6+ Kxe6 47. Qc5 Kf7 48. Qxa5 Kg7 49.
Qd5 f3 50. gxf3 Rxf2+ 51. Ka3 Rxf3 52. Ka4 Kg6 53. Qe4+ f5 54. Qe6+ Kh5 55. Qe8+ Kh4 56. Qe1+ g3 57. b4 Rf4 58. Ka5 Re4 59. Qh1+ Kg4 60. b5 Re2 0-1

[Event "*** Titled Tuesday Blitz"]
[Site "Chess.com"]
[Date "2020.11.10"]
[Round "8"]
[White "WPWPWP-2015"]
[Black "JoachimMouhamad"]
[Result "1-0"]
[WhiteElo "2527"]
[BlackElo "2347"]
[TimeControl "180+1"]
[EndTime "11:34:40 PST"]
[Termination "WPWPWP-2015 won on time"]

1. d4 Nf6 2. c4 g6 3. Nc3 d5 4.
cxd5 Nxd5 5. e4 Nxc3 6. bxc3 Bg7 7. Nf3 c5 8. Be3 Qa5 9. Qd2 O-O 10. Be2 cxd4 11.
cxd4 Qxd2+ 12. Kxd2 Nc6 13. Rhd1 f5 14. Ke1 fxe4 15.
Ng5 e5 16. Bc4+ Kh8 17. d5 Nd4 18. Rac1 Bf5 19. Ne6 Bxe6 20. dxe6 Rae8 21. Bd5 Nxe6 22. Bxb7 Nd4 23. Bxe4 Rc8 24. Rxc8 Rxc8 25. Rb1 a5 26. Rb7 Bf8 27. Kd1 Rd8 28. Kc1 Ne2+ 29. Kc2 Nd4+ 30. Kc3 Bb4+ 31. Kc4 Re8 32. Bg5 Rf8 33.
Bh6 Rc8+ 34. Kd5 Bf8 35. Bxf8 Rxf8 36. Kxe5 Ne2 37. f3 Nc3 38. Ra7 a4 39. h4 Re8+ 40. Kf6 Rf8+ 41. Ke5 Re8+ 42. Kf4 Rf8+ 43. Ke3 Rc8 44.
a3 Rb8 45. Bc2 Nd5+ 46. Kd4 Nf4 47. g3 Ne2+ 48. Ke5 Nxg3 49. Rxa4 Ne2 50. Ra7 Rc8 51. Be4 Re8+ 52. Kf6 Nc3 53. Bc6 Rc8 54. Bd7 Rd8 55. Ke7 Rb8 56. h5 Nd5+ 57. Kd6 Nf4 58. Be6 1-0

[Event "*** Titled Tuesday Blitz"]
[Site "Chess.com"]
[Date "2020.11.10"]
[Round "8"]
[White "DrVelja"]
[Black "Jumbo"]
[Result "1/2-1/2"]
[WhiteElo "2764"]
[BlackElo "2865"]
[TimeControl "180+1"]
[EndTime "11:34:41 PST"]
[Termination "Game drawn - insufficient material"]

1. e4 e5 2. Nf3 Nc6 3. Bb5 a6 4. Ba4 d6 5. O-O Bd7 6. d4 b5 7.
Bb3 Nxd4 8. Nxd4 exd4 9. c3 d3 10. Qxd3 Nf6 11. Bg5 Be7 12. Nd2 O-O 13. Rae1 Ng4 14.
Bxe7 Qxe7 15. f4 Rad8 16. Nf3 Bc6 17. Nd4 Bd7 18. h3 Nf6 19. e5 c5 20. exf6 Qxf6 21.
Nc2 c4 22. Bxc4 bxc4 23. Qd4 Rb8 24. Qxf6 gxf6 25. Ne3 Rxb2 26. Rf2 Rfb8 27. Nxc4 Rxf2 28. Kxf2 Be6 29. Nxd6 Rb2+ 30. Re2 Rxa2 31. Rxa2 Bxa2 32. c4 Kf8 33. Ke3 Ke7 34. c5 a5 35. Kd4 a4 36. h4 Be6 37. Nb5 Kd7 38. Kc3 Kc6 39.
Kb4 Bd7 40. Nc3 a3 41. Kxa3 Kxc5 42. Ne4+ Kd4 43. Nxf6 Bf5 44. g4 Bd3 45. f5 h6 46.
Kb4 Ke5 47. Ng8 h5 48. gxh5 Bxf5 49. Nh6 Be6 50. Nxf7+ Bxf7 51. h6 Bg6 52. h7 Bxh7 53.
h5 Kf4 54. Kb5 Kg5 55. Kb6 Kxh5 1/2-1/2

[Event "*** Titled Tuesday Blitz"]
[Site "Chess.com"]
[Date "2020.11.10"]
[Round "8"]
[White "swisspower96"]
[Black "Kotofeyca"]
[Result "1-0"]
[WhiteElo "2553"]
[BlackElo "2372"]
[TimeControl "180+1"]
[EndTime "11:34:42 PST"]
[Termination "swisspower96 won on time"]

1. b3 d5 2. Bb2 Bg4 3. f3 Bh5 4. Nh3 f6 5. d4 e6 6. Nf4 Bf7 7.
e4 Bd6 8. e5 fxe5 9. dxe5 Bb4+ 10. Nd2 Ne7 11. Nd3 Ba5 12. Be2 Bg6 13. Nf4 Qd7 14.
O-O O-O 15. Nxg6 Nxg6 16. g3 c5 17. f4 Nc6 18. c4 Rad8 19. cxd5 Qxd5 20. Nc4 Qxd1 21.
Rfxd1 Bc7 22. Bg4 Rfe8 23. a4 Kf7 24. Bf3 Nge7 25. a5 Rxd1+ 26. Rxd1 Rd8 27. Rxd8 Nxd8 28. Kf2 Nec6 29. Bc3 Ke7 30. Ke3 Kd7 31. Be4 g6 32.
h4 Nb4 33. h5 Nd5+ 34. Kd3 Nxc3 35. Kxc3 gxh5 36. Bxh7 Nc6 37. Bg6 Nd4 38. Bxh5 b5 39.
axb6 axb6 40. Bd1 b5 41. Ne3 Nf5 42. Nxf5 exf5 43. Be2 b4+ 44. Kc4 Bb6 45. Kd5 Ke7 46. Bd3 c4 47. Kxc4 Bf2 48. g4 fxg4 49. f5 g3 50. Be4 Be1 51. Kd5 Bc3 52. Bg2 Bb2 53. Ke4 Kf7 54. Kf4 Ke7 55. Bd5 Bc3 56. f6+ Kd7 57. Kf5 Bd4 58. e6+ Kd6 59. e7 Kd7 60. Bc6+ Kxc6 61. e8=Q+ Kd5 62. Qe4+ Kc5 63. f7 Bf2 64.
f8=Q+ 1-0

[Event "*** Titled Tuesday Blitz"]
[Site "Chess.com"]
[Date "2020.11.10"]
[Round "8"]
[White "Karateloru"]
[Black "vladislavkovalev"]
[Result "1/2-1/2"]
[WhiteElo "2746"]
[BlackElo "2854"]
[TimeControl "180+1"]
[EndTime "11:34:47 PST"]
[Termination "Game drawn by repetition"]

1. e4 e5 2. Nf3 Nc6 3. d4 exd4 4. Nxd4 Nf6 5. Nc3 Bc5 6. Nb3 Bb6 7. Bg5 h6 8. Bh4 O-O 9. Bd3 Re8 10. O-O d6 11. Re1 Ne5 12. Nd5 g5 13. Nxb6 axb6 14. Bg3 Ng6 15.
Nd4 h5 16. h3 h4 17. Bh2 g4 18. hxg4 Nxg4 19. Qd2 Ra5 20. Nf5 Nxh2 21. Kxh2 Qf6 22. c3 Qe5+ 23. Kg1 Qf4 24. Re3 Rae5 25. Rae1 Qg5 26.
Qd1 Bxf5 27. exf5 Rxe3 28. fxe3 Ne5 29. Be4 c6 30. Qxd6 Ng4 31. Bf3 Rxe3 32. Qd2 Rxe1+ 33.
Qxe1 Ne3 34. Qe2 Qf4 35. Kf2 Ng4+ 36. Ke1 Ne5 37. Be4 Qc1+ 38. Kf2 Qf4+ 39. Ke1 Kg7 40. Kd1 Kf6 41. Kc2 Kg5 42. a3 Ng4 43. Bf3 Ne5 44.
Be4 Ng4 45. Bd3 Ne3+ 46. Kb3 Qg3 47. Be4 Kf4 48. Bf3 Qg5 49. Qd3 Qf6 50. Qe4+ Kg3 51. Qxe3 Kh2 52. Qf4+ Kg1 53. Kc2 Qe7 54. Qe4 Qd6 55.
Qd4+ Qxd4 56. cxd4 Kf2 57. Be4 Ke3 58. Bd3 Kf2 59. Be4 Ke3 60. Bd3 Kf2 61. Be4 1/2-1/2